 Dungeon Crawl Stone Soup version 0.27.0-1-g7a089689b8 (webtiles) character file.

Game seed: 6078757641717052007

184 MacCMillion the Chiller (level 5, -7/38 HPs)
             Began as a Merfolk Ice Elementalist on Aug 16, 2021.
             Mangled by an ogre (14 damage)
             ... on level 4 of the Dungeon.
             The game lasted 00:07:56 (3697 turns).

MacCMillion the Chiller (Merfolk Ice Elementalist)  Turns: 3697, Time: 00:07:57

Health: -7/38      AC:  3    Str:  8    XL:     5   Next: 63%
Magic:  13/17      EV: 13    Int: 15    God:
Gold:   210        SH:  0    Dex: 15    Spells: 4/8 levels left

rFire    . . .     SeeInvis .   f - +0 dagger
rCold    + . .     Faith    .   (no shield)
rNeg     . . .     Spirit   .   a - +0 robe
rPois    .         Reflect  .   k - +0 helmet of the Eternal Fruit {rC+ MP+9}
rElec    .         Harm     .   (no cloak)
rCorr    .         Rampage  .   (no gloves)
Will     .....                  (no boots)
Stlth    ++........             (no amulet)
HPRegen  0.12/turn              (no ring)
MPRegen  0.15/turn              (no ring)

@: freezing walls
A: (nimble swimmer 2), mertail
a: no special abilities


You were on level 4 of the Dungeon.
You visited 1 branch of the dungeon, and saw 4 of its levels.

You collected 210 gold pieces.

Inventory:

Hand Weapons
 f - a +0 dagger (weapon)
Missiles
 m - 2 throwing nets
Armour
 a - a +0 robe (worn)
 c - a +0 helmet
 k - the +0 helmet of the Eternal Fruit (worn) {rC+ MP+9}
   (You took it off Robin on level 3 of the Dungeon)

   rC:        It protects you from cold.
   MP:        It affects your magic capacity (+9).
Scrolls
 b - a scroll of blinking {unknown}
 d - a scroll of amnesia {unknown}
 e - 2 scrolls of identify
 g - 2 scrolls of magic mapping {unknown}
 j - a scroll of enchant armour {unknown}
 l - a scroll of fog {unknown}
Potions
 h - a potion of curing
 i - a potion of mutation {unknown}


   Skills:
 + Level 2.0 Fighting
 - Level 2.7 Dodging
 - Level 2.2 Stealth
 - Level 2.0 Spellcasting
 - Level 7.0 Ice Magic


You had 4 spell levels left.
You knew the following spells:

 Your Spells              Type           Power      Damage    Failure   Level
a - Freeze                Ice            88%        1d10      1%          1
b - Frozen Ramparts       Ice            44%        1d6       3%          3

Your spell library contained the following spells:

 Spells                   Type           Power      Damage    Failure   Level
 Ozocubu's Armour         Ice            22%        N/A       3%          3
 Magic Dart               Conj           4%         1d3       22%         1
 Sting                    Tmut/Pois      4%         1d3       22%         1
 Call Imp                 Summ           1%         N/A       32%         2
 Static Discharge         Conj/Air       1%         N/A       32%         2
 Hailstorm                Conj/Ice       12%        3d5       45%         4
 Mephitic Cloud           Conj/Pois/Air  1%         N/A       54%         3
 Dispel Undead            Necr           1%         3d6       91%         4
 Sticky Flame             Conj/Fire      1%         2d3       91%         4


Dungeon Overview and Level Annotations

Branches:
Dungeon (4/15)
 Temple: D:4-7

Altars:
Cheibriados
Ru


Innate Abilities, Weirdness & Mutations

((You are quick and stealthy near water. (Stealth+, EV+, Speed+++)))
Your lower body shifts to a powerful aquatic tail in water.


Message History

You now have 180 gold pieces (gained 9).
You now have 188 gold pieces (gained 8).
You now have 197 gold pieces (gained 9).
You now have 210 gold pieces (gained 13).
There is an open door here.
There is a stone staircase leading down here.
There is an open door here.
Items here: ( ))).
You see here a +0 dagger.
Done exploring.
Done exploring.
There is a stone staircase leading down here.
You climb downwards.
An ogre comes into view. It is wielding a +0 giant spiked club.
There is a stone staircase leading up here.
The ogre shouts!
The ogre closely misses you.
You climb upwards.
There is a stone staircase leading down here.
You climb downwards.
The ogre closely misses you.
There is a stone staircase leading up here.
You barely miss the ogre.
Casting: Freeze (safe; 1% risk of failure)
Confirm with . or Enter, or press ? or * to list all spells.
Casting: Frozen Ramparts (dangerous; 3% risk of failure)
Press: ? - help, Dir - look around, f - activate A stone staircase leading up.
The walls around you are covered in ice.
The wall freezes the ogre.
The ogre hits you with a +0 giant spiked club!
You freeze the ogre.
The ogre is lightly wounded.
The wall freezes the ogre.
The ogre hits you with a +0 giant spiked club!!
Ouch! That really hurt!
* * * LOW HITPOINT WARNING * * *
Your frozen ramparts will break if you move.
Continue?
The wall freezes the ogre.
The ogre hits you with a +0 giant spiked club!
You die...

#.# #.# #.# #.#
. #.# ... #.#
.....##O#######
.......@.......
......#..######
.#.## #..# #..#
#..# #..# #+##


You could see an ogre.

Vanquished Creatures
  Robin (D:3)
  4 adders (D:3)
  7 gnolls (D:3)
  A worm (D:2)
  2 dart slugs
  An orc (D:3)
  6 ball pythons
  2 endoplasms
  2 giant cockroaches
  11 goblins
  9 hobgoblins
  3 jackals (D:2)
  A quokka (D:2)
  4 bats
  4 frilled lizards
  A kobold (D:2)
  3 rats
62 creatures vanquished.

Notes
Turn   | Place    | Note
-------+----------+-------------------------------------------
     0 | D:1      | MacCMillion the Merfolk Ice Elementalist began the quest
                  | for the Orb.
     0 | D:1      | Reached XP level 1. HP: 13/13 MP: 3/3
   288 | D:1      | Reached XP level 2. HP: 19/19 MP: 1/5
   437 | D:1      | Found a faded altar of an unknown god.
   441 | D:1      | Got Plato's Papyrus of Envenoming
   777 | D:2      | Reached skill level 5 in Ice Magic
  1207 | D:2      | Reached XP level 3. HP: 24/24 MP: 4/6
  1294 | D:2      | Learned a level 3 spell: Frozen Ramparts
  1556 | D:3      | Found a sacrificial altar of Ru.
  1562 | D:3      | Identified the +0 helmet of the Eternal Fruit {rC+ MP+9}
  1562 | D:3      | Noticed Robin
  1705 | D:3      | Killed Robin
  1706 | D:3      | Reached skill level 6 in Ice Magic
  1706 | D:3      | Reached XP level 4. HP: 7/30 MP: 0/7
  2018 | D:3      | Found a snail-covered altar of Cheibriados.
  2538 | D:3      | Reached XP level 5. HP: 35/35 MP: 8/8
  3019 | D:3      | Reached skill level 7 in Ice Magic
  3130 | D:3      | Reached skill level 1 in Fighting
  3689 | D:4      | Noticed an ogre
  3697 | D:4      | Mangled by an ogre

Illustrated notes

Levels and vault maps discovered:
D:1:      dpeg_arrival_erosion, layout_basic,
          shapermc_ecumenical_altar_rom_forum
D:2:      layout_rooms, minmay_close_crescents
D:3:      layout_basic, amcnicky_altar_gilded, nicolae_ru_sacrificial_ziggurat,
          serial_bayou_pond_e, uniq_robin
D:4:      layout_basic, grunt_qazlal_sundering, serial_curves, eino_curves_01,
          eino_curves_03, serial_shops, kennysheep_little_box, minivault_24,
          minmay_misc_feat_rugged

Skill      XL: |  1  2  3  4  5 |
---------------+----------------+-----
Ice Magic      | 5 6 7 |  7.0
Fighting       | 2 |  2.0
Dodging        | |  2.7
Stealth        | |  2.2
Spellcasting   | |  2.0

Action                   |  1- 3 |  4- 6 || total
-------------------------+-------+-------++-------
Melee: Unarmed           |     2 |       ||     2
       Dagger            |    16 |    14 ||    30
 Cast: Freeze            |    41 |    24 ||    65
       Frozen Ramparts   |     3 |     7 ||    10
  Use: Scroll            |     1 |       ||     1
 Stab: Sleeping          |     4 |     5 ||     9
Armor: Robe              |    14 |     3 ||    17
Dodge: Dodged            |    32 |    25 ||    57
